[Event "ICC tourney 2161 (75 10)"]
[Site "Internet Chess Club"]
[Date "2020.11.28"]
[Round "6"]
[White "Cooliguess"]
[Black "VincentT2008"]
[Result "1/2-1/2"]
[ICCResult "Game drawn by mutual agreement"]
[WhiteElo "1750"]
[BlackElo "1751"]
[Opening "King's Indian: Makagonov system (5.h3)"]
[ECO "E71"]
[NIC "KI.30"]
[Time "18:33:53"]
[PlyCount "64"]
[TimeControl "4500+10"]


1. d4 Nf6 2. c4 g6 3. Nc3 Bg7 4. e4 d6 5. h3 O-O 6. Bg5 h6 7. Bh4 g5 8. Bg3
Nbd7 9. Nf3 Qe8 10. Bd3 e5 11. d5 a5 12. O-O Nc5 13. Bc2 Nh5 14. a3 a4 15.
Nb5 Qd8 16. Nh2 Nf4 17. Rb1 Bd7 18. Nc3 Qe8 19. Re1 f6 20. Nf1 f5 21. exf5
Bxf5 22. Bxf4 Bxc2 23. Qxc2 gxf4 24. Nd2 Qh5 25. Nce4 Nxe4 26. Qxe4 b6 27.
b4 axb3 28. Rxb3 Rf7 29. Nf3 Bf8 30. Ra1 Rg7 31. Nh2 Qg5 32. Kh1 Ra4 { Game
drawn by mutual agreement } 1/2-1/2

[Event "ICC tourney 2161 (75 10)"]
[Site "Internet Chess Club"]
[Date "2020.11.28"]
[Round "6"]
[White "Maanast"]
[Black "ajedrez7"]
[Result "0-1"]
[ICCResult "White resigns"]
[WhiteElo "1543"]
[BlackElo "1633"]
[Opening "Grünfeld: Stockholm variation"]
[ECO "D80"]
[NIC "GI.03"]
[Time "18:34:05"]
[PlyCount "66"]
[TimeControl "4500+10"]


1. d4 Nf6 2. c4 g6 3. Nc3 d5 4. Bg5 Ne4 5. Nxe4 dxe4 6. e3 c6 7. Ne2 Qa5+
8. Nc3 Qxg5 9. Nxe4 Qa5+ 10. Nc3 Bg7 11. Bd3 O-O 12. O-O c5 13. Be4 Rd8 14.
Qb3 Nc6 15. d5 Ne5 16. Rfd1 Qb4 17. Na4 Qxb3 18. axb3 f5 19. Bc2 Nd7 20. d6
e5 21. Nc3 b6 22. Nd5 a5 23. g4 fxg4 24. Be4 Ra6 25. Nc7 Nf6 26. Nxa6 Nxe4
27. Nb8 Bb7 28. d7 Bf6 29. Rd3 Rxb8 30. Rad1 Rd8 31. Kf1 Bh4 32. Re1 Nxf2
33. Re2 Nxd3 { White resigns } 0-1

[Event "ICC tourney 2161 (75 10)"]
[Site "Internet Chess Club"]
[Date "2020.11.28"]
[Round "6"]
[White "joeandjoe56"]
[Black "rcww2020"]
[Result "1/2-1/2"]
[ICCResult "Game drawn by mutual agreement"]
[WhiteElo "1736"]
[BlackElo "1658"]
[Opening "Sicilian: Taimanov (Bastrikov) variation"]
[ECO "B47"]
[NIC "SI.40"]
[Time "18:33:43"]
[PlyCount "52"]
[TimeControl "4500+10"]


1. e4 c5 2. Nf3 e6 3. d4 cxd4 4. Nxd4 Nc6 5. Nc3 Qc7 6. Be2 a6 7. O-O Nf6
8. a3 b5 9. Be3 Bb7 10. f3 Bd6 11. h3 Bh2+ 12. Kh1 Nh5 13. Bf2 Be5 14. Nxc6
Qxc6 15. Qd2 Rc8 16. Qg5 Bxc3 17. bxc3 g6 18. Bd4 f6 19. Bxf6 Nxf6 20. Qxf6
Qxc3 21. Qxc3 Rxc3 22. Bd3 Ke7 23. Rfb1 Rhc8 24. a4 Bc6 25. axb5 Bxb5 26.
Bxb5 axb5 { Game drawn by mutual agreement } 1/2-1/2

[Event "ICC tourney 2161 (75 10)"]
[Site "Internet Chess Club"]
[Date "2020.11.28"]
[Round "6"]
[White "hggonzalezzss"]
[Black "narayan0811"]
[Result "1-0"]
[ICCResult "Black checkmated"]
[WhiteElo "1767"]
[BlackElo "1371"]
[Opening "French: Tarrasch, open variation"]
[ECO "C07"]
[NIC "FR.18"]
[Time "18:34:20"]
[PlyCount "61"]
[TimeControl "4500+10"]


1. e4 e6 2. d4 d5 3. Nd2 c5 4. Ngf3 Nc6 5. c3 Qb6 6. exd5 exd5 7. Nb3 c4 8.
Nbd2 Nf6 9. g3 Be6 10. Bg2 Bd6 11. O-O O-O 12. Re1 Rfe8 13. Nf1 Qc7 14. Ng5
h6 15. Nxe6 fxe6 16. f4 Re7 17. Ne3 b5 18. Ng4 Nxg4 19. Qxg4 Rae8 20. Qg6
Rf7 21. Bxd5 Rfe7 22. Rxe6 Rxe6 23. Bxe6+ Kf8 24. d5 Nd8 25. Be3 Bc5 26.
Re1 Qb6 27. Qf5+ Ke7 28. d6+ Kxd6 29. Qd5+ Kc7 30. Qd7+ Kb8 31. Qc8# {
Black checkmated } 1-0

[Event "ICC tourney 2161 (75 10)"]
[Site "Internet Chess Club"]
[Date "2020.11.28"]
[Round "6"]
[White "mancogu"]
[Black "LittleJimmy"]
[Result "1/2-1/2"]
[ICCResult "Game drawn by mutual agreement"]
[WhiteElo "1602"]
[BlackElo "1489"]
[Opening "Ruy Lopez: exchange variation, 5.O-O"]
[ECO "C68"]
[NIC "RL.08"]
[Time "18:33:54"]
[PlyCount "160"]
[TimeControl "4500+10"]


1. e4 e5 2. Nf3 Nc6 3. Bb5 a6 4. Bxc6 dxc6 5. O-O Bg4 6. d3 Bc5 7. Be3 Bd6
8. Nbd2 Qd7 9. Re1 O-O-O 10. Qb1 f6 11. a4 g5 12. b4 Bxf3 13. Nxf3 g4 14.
Nd2 h5 15. Qb3 h4 16. Reb1 g3 17. h3 gxf2+ 18. Bxf2 Ne7 19. b5 a5 20. b6
Rdg8 21. bxc7 Qxc7 22. Qe6+ Qd7 23. Qxd7+ Kxd7 24. Rxb7+ Ke6 25. Nb3 Bb4
26. Bc5 Bxc5+ 27. Nxc5+ Kd6 28. Rd7+ Kxc5 29. Rxe7 Kd6 30. Rb7 Rb8 31. Rab1
Rxb7 32. Rxb7 Kc5 33. Kf2 Kd4 34. Rb3 Rg8 35. Rb6 Kc5 36. Rb7 Rg6 37. c3
Rg3 38. d4+ exd4 39. cxd4+ Kxd4 40. Ra7 Kxe4 41. Rxa5 Ra3 42. Rh5 Ra2+ 43.
Kg1 Kf4 44. Rxh4+ Kg5 45. Rg4+ Kf5 46. Rc4 Ra1+ 47. Kh2 Ra3 48. Rc5+ Kg6
49. Rc4 c5 50. Kg1 Ra2 51. Kh2 Ra3 52. h4 Kh6 53. g3 Kg6 54. Kh3 f5 55. Kg2
Kf6 56. Kh3 Kg6 57. Rf4 Kf6 58. h5 Kg5 59. Rh4 Kh6 60. Rf4 Kxh5 61. Rxf5+
Kg6 62. Rf4 Kg5 63. Rc4 Kg6 64. Kg4 Ra1 65. Re4 Kf6 66. Rf4+ Kg6 67. Rc4
Kf6 68. Re4 Ra2 69. Kh3 Ra3 70. Kh4 Ra1 71. g4 Rh1+ 72. Kg3 Rg1+ 73. Kf2
Ra1 74. Rc4 Kg5 75. Rxc5+ Kxg4 76. Ra5 Kf4 77. Ke2 Ke4 78. Ra8 Kd4 79. Rh8
Kc4 80. Kd2 Rxa4 { Game drawn by mutual agreement } 1/2-1/2

[Event "ICC tourney 2161 (75 10)"]
[Site "Internet Chess Club"]
[Date "2020.11.28"]
[Round "6"]
[White "ZYCON"]
[Black "CheddarCheng1"]
[Result "0-1"]
[ICCResult "White checkmated"]
[WhiteElo "1400"]
[BlackElo "1463"]
[Opening "King's Indian: Petrosian system, main line"]
[ECO "E93"]
[NIC "KI.12"]
[Time "18:33:40"]
[PlyCount "128"]
[TimeControl "4500+10"]


1. d4 Nf6 2. c4 g6 3. Nc3 Bg7 4. e4 d6 5. Nf3 O-O 6. Be2 e5 7. d5 Nbd7 8.
O-O Nc5 9. Qc2 a5 10. Be3 Nfd7 11. Nd2 f5 12. f3 f4 13. Bf2 g5 14. Na4 Nxa4
15. Qxa4 Nf6 16. c5 h5 17. Nc4 g4 18. b4 Bd7 19. c6 axb4 20. Qb5 bxc6 21.
dxc6 Be6 22. Qxb4 Nh7 23. a3 h4 24. fxg4 Ng5 25. Bf3 h3 26. Ra2 Qf6 27. Be1
Rfb8 28. Qc3 Qf7 29. Rc2 Bxc4 30. Qxc4 Qxc4 31. Rxc4 Rxa3 32. Bh4 Nxf3+ 33.
gxf3 Rb2 34. Bf2 Bf6 35. Rcc1 Rxf3 36. Ra1 Rc3 37. Ra6 Kg7 38. Rfa1 Re2 39.
Re1 f3 40. Rxe2 fxe2 41. Be1 Rc1 42. Kf2 Bh4+ 43. Kxe2 Rxe1+ 44. Kf3 Rc1
45. Ke3 Kg6 46. Kf3 Kg5 47. Ke3 Kxg4 48. Kd3 Bf2 49. Ra2 Bd4 50. Rc2 Rxc2
51. Kxc2 Kf3 52. Kd3 Kg2 53. Ke2 Kxh2 54. Kf3 Kg1 55. Kg4 h2 56. Kg5 h1=Q
57. Kg6 Qf3 58. Kg7 Qxe4 59. Kh6 Qg4 60. Kh7 Be3 61. Kh8 Bg5 62. Kh7 Bf6
63. Kh6 Qg5+ 64. Kh7 Qg7# { White checkmated } 0-1

[Event "ICC tourney 2161 (75 10)"]
[Site "Internet Chess Club"]
[Date "2020.11.28"]
[Round "6"]
[White "kirikiri007"]
[Black "davidtxie"]
[Result "1/2-1/2"]
[ICCResult "Game drawn by mutual agreement"]
[WhiteElo "1577"]
[BlackElo "1682"]
[Opening "French: exchange variation"]
[ECO "C01"]
[NIC "FR.01"]
[Time "18:33:37"]
[PlyCount "75"]
[TimeControl "4500+10"]


1. e4 e6 2. d4 d5 3. exd5 exd5 4. Bd3 Nc6 5. c3 Bd6 6. Nf3 Nge7 7. O-O O-O
8. Bg5 Bg4 9. Nbd2 Qd7 10. Qc2 h6 11. Bh4 Bf5 12. Bg3 Bxg3 13. hxg3 Bxd3
14. Qxd3 Nf5 15. Rfe1 Rfe8 16. Rxe8+ Rxe8 17. Re1 Rxe1+ 18. Nxe1 a6 19.
Nef3 g6 20. Qe2 Kf8 21. Kf1 Qe7 22. Qxe7+ Kxe7 23. Ke2 Nd6 24. Ne1 Ne4 25.
Nxe4 dxe4 26. Nc2 Kd6 27. Ne3 b5 28. f3 f5 29. fxe4 fxe4 30. Ng4 h5 31. Nf6
b4 32. Nxe4+ Kd5 33. Kd3 bxc3 34. bxc3 Ne7 35. c4+ Kc6 36. d5+ Kd7 37. Nc5+
Kd6 38. Ne4+ { Game drawn by mutual agreement } 1/2-1/2

[Event "ICC tourney 2161 (75 10)"]
[Site "Internet Chess Club"]
[Date "2020.11.28"]
[Round "6"]
[White "MathMonkey"]
[Black "MikeWMason"]
[Result "1/2-1/2"]
[ICCResult "Game drawn by mutual agreement"]
[WhiteElo "1147"]
[BlackElo "1762"]
[Opening "Sicilian: accelerated fianchetto, modern variation with Bc4"]
[ECO "B35"]
[NIC "SI.33"]
[Time "18:33:53"]
[PlyCount "65"]
[TimeControl "4500+10"]


1. e4 c5 2. Nf3 Nc6 3. d4 cxd4 4. Nxd4 g6 5. Nc3 Bg7 6. Be3 Nf6 7. Bc4 O-O
8. O-O d6 9. f4 Ng4 10. Nxc6 bxc6 11. Bd4 Bxd4+ 12. Qxd4 Qb6 13. Qxb6 axb6
14. Rf3 Ba6 15. Bxa6 Rxa6 16. Re1 e6 17. f5 Ne5 18. Rg3 exf5 19. exf5 f6
20. h4 Kg7 21. h5 g5 22. a3 Ra7 23. Ne2 Kf7 24. Nd4 Rc8 25. Rd1 Rd7 26. b3
b5 27. c3 Ra8 28. Ra1 Rda7 29. Nc2 Re7 30. Rd1 d5 31. h6 Rae8 32. Nd4 Ra8
33. Nc2 { Game drawn by mutual agreement } 1/2-1/2

[Event "ICC tourney 2161 (75 10)"]
[Site "Internet Chess Club"]
[Date "2020.11.28"]
[Round "6"]
[White "handsomematch"]
[Black "kevin2010"]
[Result "1-0"]
[ICCResult "Black resigns"]
[WhiteElo "1222"]
[BlackElo "1154"]
[Opening "Sicilian defense"]
[ECO "B27"]
[NIC "SI.43"]
[Time "18:33:44"]
[PlyCount "77"]
[TimeControl "4500+10"]


1. e4 c5 2. Nf3 e5 3. Nc3 d6 4. Bc4 Qc7 5. O-O Nf6 6. d3 Be7 7. Bg5 O-O 8.
Bxf6 Bxf6 9. Nd5 Qd8 10. Qd2 Nd7 11. Rad1 Nb6 12. Bb3 Nxd5 13. Bxd5 Re8 14.
c3 Be6 15. Bxe6 Rxe6 16. d4 cxd4 17. cxd4 exd4 18. Nxd4 Rxe4 19. Nb5 Be7
20. Nxd6 Bxd6 21. Qxd6 Qxd6 22. Rxd6 Rae8 23. Rd7 R8e7 24. Rd8+ Re8 25. Rd7
Re1 26. Rxb7 R1e2 27. g3 R8e7 28. Rb8+ Re8 29. Rxe8+ Rxe8 30. Rd1 Rb8 31.
Rd7 Kf8 32. Rxa7 Rxb2 33. a4 Ra2 34. a5 Ke8 35. a6 Kd8 36. Rxf7 Rxa6 37.
Rxg7 Ra1+ 38. Kg2 Ra2 39. Rxh7 { Black resigns } 1-0

[Event "ICC tourney 2161 (75 10)"]
[Site "Internet Chess Club"]
[Date "2020.11.28"]
[Round "6"]
[White "Yamato1945"]
[Black "ChunkyApple"]
[Result "0-1"]
[ICCResult "White checkmated"]
[WhiteElo "1434"]
[BlackElo "1286"]
[Opening "QGD Slav defense"]
[ECO "D10"]
[NIC "SL.01"]
[Time "18:33:53"]
[PlyCount "90"]
[TimeControl "4500+10"]


1. d4 d5 2. c4 c6 3. Nc3 Nf6 4. Bf4 Bf5 5. e3 e6 6. Nf3 Bb4 7. Be2 O-O 8.
O-O Re8 9. cxd5 Bxc3 10. dxc6 Nxc6 11. bxc3 Ne4 12. Rc1 Ne7 13. Nd2 Nd5 14.
Nxe4 Bxe4 15. Bg3 Qa5 16. Qb3 Rac8 17. c4 Nb6 18. f3 Bc6 19. Be1 Qg5 20. e4
Qxc1 21. d5 exd5 22. exd5 Rxe2 23. dxc6 Rxe1 24. Qd3 Rxf1+ 25. Qxf1 Qxf1+
26. Kxf1 Rxc6 27. c5 Rxc5 28. a4 Nxa4 29. f4 Rc2 30. Ke1 Rb2 31. f5 Kf8 32.
f6 g6 33. g4 Ke8 34. h4 Kd7 35. h5 gxh5 36. gxh5 Kd6 37. h6 Kd5 38. Kd1 Kd4
39. Kc1 Kc3 40. Kd1 Ra2 41. Ke1 Kd3 42. Kf1 Ke3 43. Kg1 Kf3 44. Kh1 Kg3 45.
Kg1 Ra1# { White checkmated } 0-1

[Event "ICC tourney 2161 (75 10)"]
[Site "Internet Chess Club"]
[Date "2020.11.28"]
[Round "6"]
[White "RaymondJiang1"]
[Black "Vinny773175"]
[Result "0-1"]
[ICCResult "White checkmated"]
[WhiteElo "1456"]
[BlackElo "1782"]
[Opening "Sicilian defense"]
[ECO "B33"]
[NIC "SI.34"]
[Time "18:33:55"]
[PlyCount "184"]
[TimeControl "4500+10"]


1. e4 c5 2. Nf3 Nc6 3. d4 cxd4 4. Nxd4 Nf6 5. Nc3 e6 6. Be3 Bb4 7. f3 O-O
8. a3 Be7 9. Be2 d5 10. exd5 Nxd5 11. Nxd5 Qxd5 12. Nxc6 Qxc6 13. O-O b6
14. Bd3 Bb7 15. Qe2 Rac8 16. Rac1 Rfd8 17. Bf4 Qe8 18. Bg3 Bf6 19. b4 Bc3
20. Be5 Qd7 21. Bxc3 Rxc3 22. Ra1 Qd4+ 23. Qf2 Qf6 24. Rfd1 Rdc8 25. a4 Qe7
26. b5 Bd5 27. a5 Qc7 28. axb6 axb6 29. Ra6 Rc5 30. Rda1 g6 31. Qg3 Qxg3
32. hxg3 Rb8 33. Kf2 Bc4 34. Rb1 Bxd3 35. cxd3 Rc2+ 36. Kg1 Rc3 37. d4 Rc4
38. Rd1 Rc7 39. Kf1 Rc2 40. d5 exd5 41. Rxd5 Rb2 42. Ra7 Rc8 43. Rd1 Rcc2
44. Rd8+ Kg7 45. Ke1 Rxg2 46. Kf1 Rh2 47. Kg1 Rhc2 48. Rd1 Rg2+ 49. Kf1
Rxg3 50. Rb7 Rxf3+ 51. Ke1 Rh3 52. Rd2 Rh1+ 53. Ke2 Rh2+ 54. Ke3 Rbxd2 55.
Rxb6 Rb2 56. Rb8 Rh3+ 57. Kd4 Rb4+ 58. Kc5 Re4 59. b6 Rh5+ 60. Kc6 Re6+ 61.
Kd7 Rd5+ 62. Kc7 Rdd6 63. b7 Rc6+ 64. Kd7 Rb6 65. Kc7 Rxb7+ 66. Rxb7 Re7+
67. Kc6 Rxb7 68. Kxb7 h5 69. Kc6 h4 70. Kd5 h3 71. Ke4 h2 72. Kf3 h1=B+ 73.
Kf2 Bc6 74. Kg3 Kh6 75. Kf4 f6 76. Kg3 Kh5 77. Kf4 Bd5 78. Kg3 g5 79. Kh3
f5 80. Kg3 f4+ 81. Kh2 g4 82. Kg1 Bc4 83. Kf2 Kh4 84. Kg1 g3 85. Kg2 Kg4
86. Kh1 f3 87. Kg1 Bd5 88. Kf1 Kh3 89. Kg1 Bc6 90. Kf1 Bb5+ 91. Kg1 f2+ 92.
Kh1 Bc6# { White checkmated } 0-1

[Event "ICC tourney 2161 (75 10)"]
[Site "Internet Chess Club"]
[Date "2020.11.28"]
[Round "6"]
[White "bombsquad"]
[Black "tcrgm"]
[Result "0-1"]
[ICCResult "White resigns"]
[WhiteElo "1682"]
[BlackElo "1582"]
[Opening "French: exchange variation"]
[ECO "C01"]
[NIC "FR.01"]
[Time "18:33:41"]
[PlyCount "60"]
[TimeControl "4500+10"]


1. e4 e6 2. d4 d5 3. exd5 exd5 4. Bd3 Nf6 5. c3 c6 6. Bf4 Bd6 7. Bxd6 Qxd6
8. Nd2 O-O 9. Qc2 Re8+ 10. Ne2 Be6 11. h3 b6 12. f4 Bd7 13. O-O c5 14. Rae1
Nc6 15. dxc5 bxc5 16. Bf5 d4 17. Nc4 Qd5 18. Bxd7 Nxd7 19. cxd4 Nxd4 20.
Nxd4 Qxd4+ 21. Kh1 Rxe1 22. Rxe1 Qxf4 23. Qa4 Nf6 24. Qc6 Rf8 25. Qxc5 a6
26. b4 Ne4 27. Qe3 Nf2+ 28. Kg1 Nxh3+ 29. gxh3 Qxc4 30. Qc5 Qxa2 { White
resigns } 0-1

[Event "ICC tourney 2161 (75 10)"]
[Site "Internet Chess Club"]
[Date "2020.11.28"]
[Round "6"]
[White "Mapking1"]
[Black "kwarrier"]
[Result "1-0"]
[ICCResult "Black resigns"]
[WhiteElo "1799"]
[BlackElo "1472"]
[Opening "Pirc: classical system, 5.Be2"]
[ECO "B06"]
[NIC "PU.01"]
[Time "18:34:34"]
[PlyCount "75"]
[TimeControl "4500+10"]


1. e4 g6 2. d4 Bg7 3. Nc3 d6 4. Nf3 Nf6 5. Be2 O-O 6. O-O Bg4 7. h3 Bxf3 8.
Bxf3 Nc6 9. Be3 Nd7 10. Ne2 e5 11. c3 Nb6 12. b3 a6 13. a4 a5 14. Qd2 Ne7
15. d5 f5 16. c4 Nd7 17. g3 Nc5 18. Qc2 b6 19. Rab1 Qd7 20. Kh2 h6 21. Nc3
g5 22. Bxc5 dxc5 23. exf5 Nxf5 24. Bg4 Nd4 25. Bxd7 Nxc2 26. Nb5 Nd4 27.
Nxc7 Ra7 28. Be6+ Nxe6 29. Nxe6 Rf3 30. Kg2 e4 31. Rfe1 Raf7 32. Re2 Bd4
33. Nxd4 cxd4 34. Rbb2 Re7 35. d6 Re6 36. Rxe4 Rxg3+ 37. fxg3 Rxe4 38. d7 {
Black resigns } 1-0

[Event "ICC tourney 2161 (75 10)"]
[Site "Internet Chess Club"]
[Date "2020.11.28"]
[Round "6"]
[White "mrerikchin"]
[Black "UltimateDL"]
[Result "0-1"]
[ICCResult "White resigns"]
[WhiteElo "1636"]
[BlackElo "1480"]
[Opening "English: symmetrical, Botvinnik system"]
[ECO "A36"]
[NIC "EO.30"]
[Time "18:33:59"]
[PlyCount "58"]
[TimeControl "4500+10"]


1. c4 c5 2. Nc3 Nc6 3. g3 g6 4. Bg2 Bg7 5. e4 d6 6. Nge2 e6 7. O-O Nge7 8.
d3 O-O 9. f4 a6 10. g4 f5 11. gxf5 exf5 12. a4 Nb4 13. Rb1 Nec6 14. Nd5 Be6
15. Be3 Re8 16. Bf2 Rb8 17. Nxb4 Nxb4 18. Ng3 fxe4 19. Nxe4 Qd7 20. Ng5 Bf5
21. Be4 Bxe4 22. Nxe4 Re7 23. Kh1 Rbe8 24. Nxc5 dxc5 25. Bxc5 Re2 26. Bf2
Bd4 27. Rg1 Qc6+ 28. Rg2 Rxf2 29. Qg1 Ree2 { White resigns } 0-1

[Event "ICC tourney 2161 (75 10)"]
[Site "Internet Chess Club"]
[Date "2020.11.28"]
[Round "6"]
[White "Aram99"]
[Black "Niteshc"]
[Result "0-1"]
[ICCResult "White checkmated"]
[WhiteElo "1700"]
[BlackElo "1630"]
[Opening "King's Indian: 4.e4"]
[ECO "E70"]
[NIC "KI.32"]
[Time "18:34:23"]
[PlyCount "52"]
[TimeControl "4500+10"]


1. d4 Nf6 2. c4 g6 3. Nc3 Bg7 4. e4 O-O 5. Be3 d6 6. d5 Nbd7 7. Bd3 Ne5 8.
Be2 Nfg4 9. Bd2 f5 10. exf5 Bxf5 11. f4 Nxc4 12. Bxc4 Bd4 13. Bc1 Bf2+ 14.
Kf1 Bc5 15. Nh3 g5 16. Na4 Be3 17. Qf3 Bxc1 18. Rxc1 Ne5 19. Qg3 Bxh3 20.
gxh3 Rxf4+ 21. Ke2 Rxc4 22. Qxg5+ Kh8 23. Rhg1 Qg8 24. Qxe7 Re4+ 25. Kd1
Qxd5+ 26. Kc2 Qd3# { White checkmated } 0-1

[Event "ICC tourney 2161 (75 10)"]
[Site "Internet Chess Club"]
[Date "2020.11.28"]
[Round "6"]
[White "EW2006"]
[Black "shrey16ultimate"]
[Result "1-0"]
[ICCResult "Black resigns"]
[WhiteElo "1249"]
[BlackElo "1606"]
[Opening "Caro-Kann: exchange variation"]
[ECO "B13"]
[NIC "CK.02"]
[Time "18:33:51"]
[PlyCount "126"]
[TimeControl "4500+10"]


1. e4 c6 2. d4 d5 3. exd5 cxd5 4. Nf3 Bf5 5. Bb5+ Nc6 6. Ne5 Qc7 7. Qf3 e6
8. Bf4 Bd6 9. Na3 Qa5+ 10. Kd1 Bxa3 11. Bxc6+ bxc6 12. Qxa3 Qxa3 13. bxa3
Ne7 14. g4 Bg6 15. Nxg6 hxg6 16. Rb1 f6 17. Rb7 Kf7 18. Bd6 Rhe8 19. h4
Rad8 20. Bf4 Kf8 21. Rxa7 Ra8 22. Rxa8 Rxa8 23. Bd6 Ra5 24. c3 Ke8 25. Kc2
Kd7 26. Bb4 Ra8 27. Kb3 Nc8 28. h5 gxh5 29. Rxh5 Nd6 30. Rh7 Rg8 31. Bxd6
Kxd6 32. a4 Rb8+ 33. Ka3 Rb7 34. a5 c5 35. Ka4 Kc6 36. Rh8 Rb2 37. a3 cxd4
38. cxd4 Rxf2 39. Rb8 Kc7 40. Rb3 Rh2 41. a6 Rh8 42. Rb7+ Kc6 43. Ka5 Rh3
44. a4 Rh8 45. Rb6+ Kc7 46. a7 e5 47. Ka6 Ra8 48. Rb7+ Kc8 49. Rxg7 exd4
50. Rg8+ Kc7 51. Rxa8 d3 52. Rh8 d2 53. Rh1 d4 54. a8=Q d1=Q 55. Rxd1 f5
56. Qb7+ Kd6 57. Rxd4+ Ke5 58. Qd5+ Kf6 59. Rf4 Kg6 60. Qxf5+ Kh6 61. Qf6+
Kh7 62. Rc4 Kg8 63. Qe7 Kh8 { Black resigns } 1-0

[Event "ICC tourney 2161 (75 10)"]
[Site "Internet Chess Club"]
[Date "2020.11.28"]
[Round "6"]
[White "castle2king"]
[Black "APBrain"]
[Result "1-0"]
[ICCResult "Black checkmated"]
[WhiteElo "1561"]
[BlackElo "1594"]
[Opening "Sicilian: Pelikan, Chelyabinsk variation"]
[ECO "B33"]
[NIC "SI.37"]
[Time "18:33:36"]
[PlyCount "79"]
[TimeControl "4500+10"]


1. e4 c5 2. Nf3 Nc6 3. d4 cxd4 4. Nxd4 Nf6 5. Nc3 e5 6. Ndb5 d6 7. Bg5 a6
8. Na3 b5 9. Nd5 Be7 10. Bxf6 Bxf6 11. c3 O-O 12. Nc2 Be6 13. Nce3 Be7 14.
a4 b4 15. Bc4 Na5 16. O-O Nxc4 17. Nxc4 Bxd5 18. Qxd5 bxc3 19. bxc3 Rc8 20.
Qd3 Qc7 21. Ne3 Qa7 22. Nd5 Rc6 23. Rfb1 g6 24. a5 Bd8 25. h3 f5 26. Ne7+
Bxe7 27. Qd5+ Rf7 28. Qxc6 fxe4 29. Qb6 Qd7 30. Qxa6 Bh4 31. Rb2 Qf5 32.
Qe2 Qd7 33. Qxe4 Bf6 34. a6 d5 35. Qb1 Qc6 36. a7 Rxa7 37. Rxa7 Bd8 38. Rb8
Qd6 39. Qb7 Qxb8 40. Qg7# { Black checkmated } 1-0

[Event "ICC tourney 2161 (75 10)"]
[Site "Internet Chess Club"]
[Date "2020.11.28"]
[Round "6"]
[White "trucker"]
[Black "Deveshc"]
[Result "1-0"]
[ICCResult "Black checkmated"]
[WhiteElo "1664"]
[BlackElo "1480"]
[Opening "Sicilian: Sozin, Leonhardt variation"]
[ECO "B88"]
[NIC "SI.26"]
[Time "18:33:44"]
[PlyCount "107"]
[TimeControl "4500+10"]


1. e4 c5 2. Nf3 Nc6 3. d4 cxd4 4. Nxd4 Nf6 5. Nc3 d6 6. Bc4 e6 7. O-O a6 8.
Re1 Be7 9. Nxc6 bxc6 10. e5 Nd5 11. exd6 Bxd6 12. Ne4 Be7 13. Qg4 O-O 14.
Bh6 Bf6 15. c3 Kh8 16. Nxf6 Qxf6 17. Bg5 Qg6 18. Qh4 h6 19. Be3 Nxe3 20.
Rxe3 Bb7 21. Bd3 f5 22. Qe7 Rab8 23. Rxe6 Qf7 24. Rae1 Qxe7 25. Rxe7 c5 26.
f3 g6 27. Bc4 Bc6 28. Rc7 Rfc8 29. Rxc8+ Rxc8 30. Bxa6 Rb8 31. Re2 Kg7 32.
Bc4 Rd8 33. Kf2 Bd5 34. Rd2 Bxc4 35. Rxd8 Bxa2 36. Rc8 c4 37. Ke3 Bb3 38.
Rc6 Kf7 39. Kf4 Kg7 40. Ke5 Kf7 41. Rc7+ Kg8 42. Kf6 Bc2 43. Kxg6 f4+ 44.
Kxh6 Bb3 45. Kg6 Bc2+ 46. Kg5 Bb3 47. h4 Ba2 48. h5 Bb3 49. h6 Ba2 50. Kxf4
Bb3 51. g4 Ba2 52. g5 Bb3 53. g6 Ba2 54. Rc8# { Black checkmated } 1-0

[Event "ICC tourney 2161 (75 10)"]
[Site "Internet Chess Club"]
[Date "2020.11.28"]
[Round "6"]
[White "TheOrcaPro"]
[Black "iamvoltu"]
[Result "0-1"]
[ICCResult "White resigns"]
[WhiteElo "1735"]
[BlackElo "1600"]
[Opening "Sicilian: O'Kelly variation"]
[ECO "B28"]
[NIC "SI.43"]
[Time "18:33:46"]
[PlyCount "74"]
[TimeControl "4500+10"]


1. e4 c5 2. Nf3 a6 3. d4 cxd4 4. Nxd4 Nf6 5. Nc3 e5 6. Nb3 Bb4 7. Bd2 d6 8.
Bd3 O-O 9. h3 Nc6 10. O-O Be6 11. a3 Bxc3 12. Bxc3 Rc8 13. Nd2 Nd7 14. Bc4
Nc5 15. Bxe6 fxe6 16. Qg4 Rf4 17. Qe2 Qe7 18. f3 Qc7 19. Nc4 b5 20. Ne3 Qb6
21. Kh1 Rd8 22. Ng4 Na4 23. Bd2 Nd4 24. Qf2 Rff8 25. b3 Nc5 26. Be3 Nxe4
27. Qe1 Nc5 28. Bxd4 exd4 29. b4 Na4 30. Qxe6+ Kh8 31. Qe4 Nc3 32. Qd3 Rc8
33. Nf2 Nd5 34. Rfd1 Ne3 35. Qxd4 Qxd4 36. Rxd4 Nxc2 37. Rxd6 Nxa1 { White
resigns } 0-1

[Event "ICC tourney 2161 (75 10)"]
[Site "Internet Chess Club"]
[Date "2020.11.28"]
[Round "6"]
[White "JavierDix"]
[Black "chessmaster0981"]
[Result "1/2-1/2"]
[ICCResult "Game drawn by mutual agreement"]
[WhiteElo "1421"]
[BlackElo "1579"]
[Opening "Queen's bishop game"]
[ECO "D02"]
[NIC "QP.06"]
[Time "18:34:26"]
[PlyCount "70"]
[TimeControl "4500+10"]


1. d4 Nf6 2. Nf3 d5 3. Bf4 Bf5 4. e3 e6 5. Bb5+ c6 6. Bd3 Bg6 7. Ne5 Qb6 8.
b3 Nbd7 9. O-O Nxe5 10. Bxe5 Qd8 11. Nd2 Bxd3 12. cxd3 Bd6 13. Nf3 O-O 14.
Rc1 Ng4 15. Re1 Nxe5 16. dxe5 Ba3 17. Rc2 Rc8 18. d4 Qb6 19. Qd3 h6 20. e4
Rfd8 21. Nd2 dxe4 22. Rxe4 c5 23. Nc4 Qa6 24. Qe3 cxd4 25. Rxd4 Bc5 26.
Rxd8+ Rxd8 27. Qf3 b5 28. Ne3 Qb6 29. g3 Bxe3 30. Qxe3 Qxe3 31. fxe3 Rd7
32. Kf2 Kh7 33. Kf3 Kg6 34. Ke4 Kg5 35. h3 h5 { Game drawn by mutual
agreement } 1/2-1/2

[Event "ICC tourney 2161 (75 10)"]
[Site "Internet Chess Club"]
[Date "2020.11.28"]
[Round "6"]
[White "yogokings12"]
[Black "AbleCompany"]
[Result "1/2-1/2"]
[ICCResult "Game drawn by mutual agreement"]
[WhiteElo "1669"]
[BlackElo "1568"]
[Opening "French: Steinitz, Boleslavsky variation"]
[ECO "C11"]
[NIC "FR.04"]
[Time "18:34:09"]
[PlyCount "121"]
[TimeControl "4500+10"]


1. e4 e6 2. d4 d5 3. Nc3 Nf6 4. e5 Nfd7 5. f4 c5 6. Nf3 Nc6 7. Be3 a6 8.
Ne2 cxd4 9. Nexd4 Qb6 10. Qc1 Nc5 11. c3 Bd7 12. Nxc6 Qxc6 13. Nd4 Qc7 14.
Be2 Rc8 15. O-O Ne4 16. Bd3 Bc5 17. Bxe4 dxe4 18. Nb3 Bb6 19. Kh1 Bb5 20.
Re1 Bd3 21. Bxb6 Qxb6 22. Qe3 Qb5 23. Qd2 O-O 24. Nd4 Qd7 25. Re3 f6 26.
exf6 Rxf6 27. g3 Rcf8 28. Nf3 exf3 29. Qxd3 Qc6 30. Qe4 Qb5 31. b3 Rd8 32.
Qxf3 e5 33. c4 Qc5 34. Rae1 exf4 35. gxf4 Rdf8 36. Qxb7 Rxf4 37. Re8 Qf2
38. Qd5+ Kh8 39. Qg2 Qd4 40. Rxf8+ Rxf8 41. Qe4 Qf2 42. Qe2 Qd4 43. Rf1
Rxf1+ 44. Qxf1 h6 45. Qf8+ Kh7 46. Qf5+ Kh8 47. Qd5 Qa1+ 48. Kg2 Qxa2+ 49.
Kg3 Qxb3+ 50. Kg4 Qb8 51. h4 Qc8+ 52. Kg3 Qc7+ 53. Kg4 a5 54. c5 Kh7 55. c6
Qe7 56. Qf5+ Kg8 57. Qc8+ Kf7 58. c7 Qe4+ 59. Kg3 Qe3+ 60. Kg2 Qe2+ 61. Kg3
{ Game drawn by mutual agreement } 1/2-1/2

[Event "ICC tourney 2161 (75 10)"]
[Site "Internet Chess Club"]
[Date "2020.11.28"]
[Round "6"]
[White "virajphadke"]
[Black "AwarePiece"]
[Result "1-0"]
[ICCResult "Black resigns"]
[WhiteElo "1589"]
[BlackElo "1779"]
[Opening "QGD: Capablanca-Duras variation"]
[ECO "D30"]
[NIC "QP.08"]
[Time "18:33:56"]
[PlyCount "41"]
[TimeControl "4500+10"]


1. d4 d5 2. c4 e6 3. Nf3 Nf6 4. Bg5 h6 5. Bh4 c5 6. e3 Nc6 7. Nc3 cxd4 8.
exd4 Bb4 9. Qc2 O-O 10. Be2 dxc4 11. Rd1 Be7 12. O-O Nd5 13. Bxe7 Qxe7 14.
Bxc4 Nb6 15. Be2 Rd8 16. Rfe1 Bd7 17. a3 Be8 18. Bd3 f6 19. d5 Ne5 20. Nxe5
fxe5 21. Rxe5 { Black resigns } 1-0